 Dungeon Crawl Stone Soup version 0.19.0-19-g8c6edcc (webtiles) character file.

9349 Lochraine the Cleaver (level 11, -5/85 HPs)
             Began as a Hill Orc Monk on Nov 13, 2016.
             Was a High Priest of Beogh.
             Killed from afar by a manticore (6 damage)
             ... with a volley of spikes
             ... on level 11 of the Dungeon on Nov 14, 2016.
             The game lasted 00:31:14 (14181 turns).

Lochraine the Cleaver (Hill Orc Monk)              Turns: 14181, Time: 00:31:14

Health: -5/85      AC: 26    Str: 21    XL:     11   Next: 45%
Magic:  17/17      EV:  5    Int: 10    God:    Beogh [*****.]
Gold:   657        SH:  0    Dex: 13    Spells: 0 memorised, 10 levels left

rFire  . . .     SeeInvis .     Z - +5 scythe "Finisher" {speed, Str+3}
rCold  . . .     Gourm    .     a - +0 crystal plate armour
rNeg   + . .     Faith    .     (shield currently unavailable)
rPois  .         Spirit   .     f - +2 hat
rElec  .         Reflect  .     (no cloak)
rCorr  +         Harm     .     P - +0 pair of gloves
MR     .....                    x - +1 pair of boots
Stlth  ..........               i - amulet of rage
                                J - ring of resist corrosion
                                B - ring of positive energy

@: liquid flames, barbed spikes, slowed, glowing, very slow
A: walk on water
a: Smiting, Recall Orcish Followers, Give Item to Named Follower, Renounce
Religion, Evoke Berserk Rage


You were on level 11 of the Dungeon.
You worshipped Beogh.
Beogh was extremely pleased with you.
You were hungry.

You visited 1 branch of the dungeon, and saw 11 of its levels.
You also visited: Sewer.

You collected 657 gold pieces.

Inventory:

Hand Weapons
 h - a +0 scythe of freezing
 M - the +5 dagger "Funkell" {holy, rF++ MR- Int+2}
   (You found it on level 6 of the Dungeon)

   It has been blessed by the Shining One to cause great damage to the undead
   and demons.
   It affects your intelligence (+2).
   It greatly protects you from fire.
   It affects your resistance to hostile enchantments.
 R - a +7 rapier of freezing
 T - a +3 spear
 U - a +2 halberd
 Z - the +5 scythe "Finisher" (weapon) {speed, Str+3}
   (You found it on level 8 of the Dungeon)

   Attacks with this weapon are significantly faster.
   It affects your strength (+3).
Armour
 a - a +0 crystal plate armour (worn)
 b - +0 steam dragon scales
 f - a +2 hat (worn)
 x - a +1 pair of boots (worn)
 P - a +0 pair of gloves (worn)
Jewellery
 i - an amulet of rage (around neck)
 j - an uncursed amulet of magic regeneration {unknown}
 B - a ring of positive energy (left hand)
 G - an uncursed ring of flight
 J - a ring of resist corrosion (right hand)
Wands
 t - a wand of lightning (8/15)
 u - a wand of iceblast (6/15)
 v - a wand of flame (26/48)
 y - a wand of random effects (22/48)
 D - a wand of iceblast (5/15)
 E - a wand of lightning (15/15)
 K - a wand of paralysis (0/24)
 L - a wand of confusion (25/48)
 Y - a wand of iceblast (9/15)
Scrolls
 g - 5 scrolls of identify
 l - a scroll of enchant armour
 m - 3 scrolls of teleportation
 n - 3 scrolls of remove curse
 o - 4 scrolls of fog
 A - a scroll of magic mapping
 I - 3 scrolls of recharging
Potions
 d - a potion of invisibility {unknown}
 e - 2 potions of brilliance
 r - 2 potions of curing
 s - a potion of mutation
 z - a potion of flight
 C - a potion of cancellation {unknown}
 H - a potion of magic {unknown}
 N - 2 potions of resistance
 O - a potion of might
 V - 2 potions of degeneration {unknown}
 W - a potion of heal wounds {unknown}
Books
 X - a book of Maledictions

   Spells                             Type                      Level
   a - Corona                         Hexes                        1
   b - Ensorcelled Hibernation        Hexes/Ice                    2
   c - Confuse                        Hexes                        3
   d - Tukima's Dance                 Hexes                        3
   e - Dazzling Spray                 Conjuration/Hexes            3
Comestibles
 c - 6 bread rations
 k - 11 meat rations
 q - a beef jerky
 Q - 4 slices of pizza
 S - 30 fruits


   Skills:
 - Level 4.6 Fighting
 - Level 6.2 Short Blades
   Level 10.6(12.0) Axes
 + Level 8.2(10.0) Polearms
 + Level 9.8 Armour
 - Level 3.4 Dodging
 - Level 1.5 Stealth
 - Level 8.1 Invocations
 - Level 4.3 Evocations


You had 10 spell levels left.
You didn't know any spells.

Dungeon Overview and Level Annotations

Branches:
Dungeon (11/15)            Temple (0/1) D:7            Lair (0/6) D:8
    Orc (0/2) D:10

Altars:
Fedhas
Hepliaklqana
Kikubaaqudgha
Nemelex Xobeh
Okawaru
Trog
Uskayaw
Vehumet
Yredelemnul
Zin

Annotations:
D:3 1 runed door
D:5 Sigmund


Message History

The mottled dragon claws you.
* * * LOW HITPOINT WARNING * * *
The wraith hits you but does no damage.
The mottled dragon bites you but does no damage.
The mottled dragon claws you but does no damage.
The wraith hits you but does no damage. The manticore barely misses you.
The manticore claws you but does no damage.
The manticore closely misses you.
A hill giant comes into view. It is wielding a giant club.
Okay, then.
Okay, then.
Unknown command.
Okay, then.
Unknown command.
You are covered in liquid flames!
* * * LOW HITPOINT WARNING * * *
The manticore flicks its tail.
The volley of spikes hits you!
The barbed spikes become lodged in your body.
You die...

+......+ .. #......#
..... #.$....# .
..... #......# ..
.....###......#...
....C....).......
.........).......
#####.$HWD†.......
.........@........
#######...........###
#.................#
#.................#
#.......#...#######
#.......#.#.#
#.......#.#.####
#.......#......#
#.......#...##.###


You could see a hill giant, a manticore, a wraith and a mottled dragon.

Vanquished Creatures
  Josephine (D:11)
  A hill giant (D:7)
  A deep elf mage (D:9)
  A centaur skeleton (D:10)
  3 trolls
  A hippogriff (D:10)
  3 wraiths
  2 wyverns
  2 yaks
  2 water moccasins
  3 phantoms
  2 sky beasts
  An ogre (D:4)
  2 centaurs
  2 big kobolds
  3 bullfrogs
  2 scorpions (D:6)
  A troll zombie (D:10)
  3 howler monkeys
  14 wights (D:6)
  2 crimson imps
  A centaur zombie (D:8)
  5 hounds
  4 orc priests
  2 quasits
  2 jellies
  Jessica (D:3)
  3 iguanas
  2 orc wizards
  8 worker ants
  2 ogre zombies (D:10)
  8 gnolls
  12 adders
  A river rat (D:4)
  3 shadow imps
  2 oozes
  An adder skeleton (D:8)
  A worm (D:3)
  A dart slug (D:3)
  8 leopard geckos
  18 orcs
  9 giant cockroaches
  11 goblins
  9 hobgoblins
  20 jackals
  8 quokkas
  5 ball pythons
  8 bats
  6 frilled lizards
  A goblin skeleton (D:3)
  2 goblin zombies (D:10)
  A hobgoblin skeleton (D:10)
  A hobgoblin zombie (D:10)
  A jackal skeleton (D:6)
  A jackal zombie (D:6)
  16 kobolds
  4 orc skeletons (D:10)
  7 orc zombies (D:10)
  6 rats
253 creatures vanquished.

Vanquished Creatures (collateral kills)
  A hill giant (D:11)
  An ugly thing (D:11)
  A two-headed ogre (D:9)
  A hippogriff (D:9)
  A wyvern (D:8)
  6 yaks
  5 wraiths
  2 steam dragons (D:8)
  2 hungry ghosts (D:8)
  A water moccasin (D:10)
  A phantom (D:10)
  2 ice beasts
  A sky beast (D:8)
  A necrophage (D:10)
  A centaur (D:8)
  2 bullfrogs
  A scorpion (D:9)
  A troll zombie (D:10)
  A howler monkey (D:9)
  A crimson imp (D:8)
  3 hounds
  An orc priest (D:7)
  A worker ant (D:11)
  2 ogre zombies (D:10)
  An adder (D:11)
  A quokka (D:9)
  A hobgoblin skeleton (D:10)
  3 orc zombies (D:10)
46 creatures vanquished.

Vanquished Creatures (others)
  An orc knight (D:11)
  An orc (D:8)
  2 fungi (D:8)
4 creatures vanquished.

Grand Total: 303 creatures vanquished

Notes
Turn   | Place    | Note
-------+----------+-------------------------------------------
     0 | D:1      | Lochraine the Hill Orc Monk began the quest for the Orb.
     0 | D:1      | Reached XP level 1. HP: 19/19 MP: 1/1
   177 | D:1      | Reached XP level 2. HP: 27/27 MP: 2/2
   620 | D:1      | Reached skill level 1 in Armour
   703 | D:1      | Reached XP level 3. HP: 31/33 MP: 3/3
  1721 | D:2      | HP: 1/33 [adder (6)]
  2091 | D:2      | Reached XP level 4. HP: 40/40 MP: 4/4
  2593 | D:3      | Reached skill level 5 in Axes
  2778 | D:3      | Noticed a bullfrog
  2789 | D:3      | Killed a bullfrog
  2789 | D:3      | Reached XP level 5. HP: 12/46 MP: 5/5
  3197 | D:3      | Found a bloodstained altar of Trog.
  3228 | D:3      | Noticed Jessica
  3235 | D:3      | Killed Jessica
  3334 | D:3      | Found a runed door.
  3334 | D:3      | Noticed a human
  3339 | D:3      | Found a basalt altar of Yredelemnul.
  3517 | D:3      | Reached skill level 6 in Axes
  3521 | D:3      | Reached XP level 6. HP: 51/53 MP: 6/6
  3553 | D:3      | Became a worshipper of Beogh the Brigand
  3553 | D:3      | Reached * piety under Beogh
  3553 | D:3      | Reached ** piety under Beogh
  3854 | D:4      | Noticed a wyvern
  3864 | D:4      | Killed a wyvern
  3864 | D:4      | Reached skill level 7 in Axes
  4211 | D:4      | Found a glowing drain.
  4267 | Sewer    | Entered a sewer
  5220 | D:4      | Reached XP level 7. HP: 58/60 MP: 8/8
  5357 | D:4      | Reached skill level 8 in Axes
  5509 | D:5      | Entered Level 5 of the Dungeon
  5648 | D:5      | Found an iron altar of Okawaru.
  5707 | D:5      | Found a blossoming altar of Fedhas.
  5847 | D:5      | Found a sparkling altar of Nemelex Xobeh.
  6691 | D:4      | Reached skill level 9 in Axes
  7069 | D:5      | Found a hide-covered altar of Uskayaw.
  7254 | D:5      | Noticed Sigmund
  7303 | D:6      | Found a glowing silver altar of Zin.
  7349 | D:6      | Reached XP level 8. HP: 56/67 MP: 11/11
  7351 | D:6      | Got a slimy dagger
  7353 | D:6      | Identified the +5 dagger "Funkell" {holy, rF++ MR- Int+2} (You found it on level 6 of the Dungeon)
  7813 | D:6      | Reached skill level 10 in Axes
  7926 | D:6      | Reached skill level 5 in Invocations
  8108 | D:6      | Reached skill level 1 in Short Blades
  8116 | D:6      | Reached *** piety under Beogh
  8539 | D:6      | Reached XP level 9. HP: 38/72 MP: 14/14
  9728 | D:7      | Noticed a hill giant
  9737 | D:7      | Killed a hill giant
  9737 | D:7      | Reached skill level 5 in Short Blades
  9750 | D:7      | Found a staircase to the Ecumenical Temple.
  9784 | D:7      | Found a radiant altar of Vehumet.
  9785 | D:7      | Found a basalt altar of Yredelemnul.
 10187 | D:7      | Found an ancient bone altar of Kikubaaqudgha.
 11248 | D:8      | Found a staircase to the Lair.
 11267 | D:8      | Reached skill level 5 in Armour
 11327 | D:8      | Reached skill level 1 in Polearms
 11327 | D:8      | Reached XP level 10. HP: 72/80 MP: 16/16
 11762 | D:8      | Found a hazy altar of Hepliaklqana.
 11993 | D:8      | Gained Wargath as an ally
 12539 | D:9      | Noticed a deep elf mage
 12545 | D:9      | Killed a deep elf mage
 12821 | D:9      | Reached skill level 5 in Polearms
 12917 | D:10     | Entered Level 10 of the Dungeon
 12987 | D:10     | Reached **** piety under Beogh
 13055 | D:10     | Reached XP level 11. HP: 83/85 MP: 17/17
 13063 | D:10     | Found a staircase to the Orcish Mines.
 13757 | D:11     | Noticed a cyan ugly thing
 13760 | D:11     | Killed a cyan ugly thing
 13761 | D:11     | Noticed a hill giant
 13778 | D:11     | Killed a hill giant
 14158 | D:11     | Noticed Josephine
 14166 | D:11     | Reached ***** piety under Beogh
 14167 | D:11     | Killed Josephine
 14172 | D:11     | Your ally Wargath died
 14177 | D:11     | Noticed a manticore
 14181 | D:11     | Noticed a hill giant
 14181 | D:11     | HP: 1/85 [burnt (10)]
 14181 | D:11     | Killed from afar by a manticore

Skill      XL: |  1  2  3  4  5  6  7  8  9 10 11 |
---------------+----------------------------------+-----
Armour         | 1 2 5 8 9 |  9.8
Fighting       | 4 |  4.6
Dodging        | 3 |  3.4
Axes           | 5 6 7 9 10 | 10.6
Invocations    | 2 4 7 8 |  8.1
Short Blades   | 3 5 6 |  6.2
Evocations     | 3 4 |  4.3
Polearms       | 1 6 8 |  8.2
Stealth        | |  1.5

Action                   |  1- 3 |  4- 6 |  7- 9 | 10-12 || total
-------------------------+-------+-------+-------+-------++-------
Melee: Hand axe          |   127 |   154 |   396 |       ||   677
       Rapier            |       |       |   179 |       ||   179
       Scythe            |       |       |     3 |   218 ||   221
 Fire: Hunting sling     |    19 |   143 |    15 |       ||   177
Invok: Smiting           |       |     1 |    12 |     1 ||    14
       Convert to Beogh  |       |     1 |       |       ||     1
Evoke: Wand              |       |       |     3 |     1 ||     4
  Use: Potion            |     2 |       |     5 |     2 ||     9
       Scroll            |       |       |     7 |    13 ||    20
 Stab: Sleeping          |     1 |       |     1 |       ||     2
       Paralysed         |       |       |     2 |       ||     2
       Distracted        |       |       |       |     1 ||     1
  Eat: Chunk             |     3 |    10 |    21 |     8 ||    42
       Beef jerky        |       |       |       |     1 ||     1
Armor: Robe              |    16 |       |       |       ||    16
       Ring mail         |       |    79 |   182 |     6 ||   267
       Leather armour    |       |     2 |       |       ||     2
       Crystal plate arm |       |       |       |   131 ||   131
       Steam dragon scal |       |       |       |     2 ||     2
Dodge: Dodged            |   110 |   133 |   286 |    54 ||   583
